APPY
BLACKSBURG TRIBE @ JOHNSON CITY SOILDERS
08/03/1982
 
TOP OF THE 1ST
Blacksburg Tribe batting - Pitching for Johnson City Soilders : RHP Brian Holman
Pitching: RHP Brian Holman
Batting: RHB Jesus Alcala 0-0: Ball
1-0: Ball
2-0: Ball
3-0: Called Strike
3-1: Base on Balls
Batting: LHB Butch Kirby 0-0: Called Strike
0-1: Ball
1-1: Ball
2-1: Called Strike
2-2: Ball
3-2: Strikes out swinging
Batting: LHB George Cecchetti 0-0: Ball
1-0: Fielders Choice at 2nd, 1-4 (Groundball, 15S, EV 68.1 MPH)
Batting: RHB Alwin Creel 0-0: Ball
George Cecchetti is caught stealing 2nd base 2-4
Top of the 1st over - 0 runs, 0 hits, 0 errors, 0 left on base; Blacksburg 0 - Johnson City 0
BOTTOM OF THE 1ST
Johnson City Soilders batting - Pitching for Blacksburg Tribe : RHP Edgardo Maciel
Pitching: RHP Edgardo Maciel
Batting: RHB Victor Gonzalez 0-0: Ball
1-0: Called Strike
1-1: Called Strike
1-2: Strikes out swinging, 2-3 out at first.
Batting: RHB Thomas Mitchell 0-0: Swinging Strike
0-1: Ball
1-1: Ball
2-1: Foul Ball, location: 2F
2-2: Ball
3-2: Strikes out looking
Batting: SHB Jeff Trout 0-0: Swinging Strike
0-1: Called Strike
0-2: Ball
1-2: Fly out, F8 (Flyball, 8LD, EV 98.8 MPH)
Bottom of the 1st over - 0 runs, 0 hits, 0 errors, 0 left on base; Blacksburg 0 - Johnson City 0
TOP OF THE 2ND
Blacksburg Tribe batting - Pitching for Johnson City Soilders : RHP Brian Holman
Batting: RHB Alwin Creel 0-0: Called Strike
0-1: Ball
1-1: Foul Ball, location: 2F
1-2: Ball
2-2: Foul Ball, location: 2F
2-2: Foul Ball, location: 2F
2-2: Foul Ball, location: 2F
2-2: Ball
3-2: Strikes out swinging wild pitch, reaches first!
Batting: RHB Omar Mora 0-0: Ball
1-0: Ball
2-0: Fly out, F8 (Flyball, 8RS, EV 89.4 MPH)
Batting: LHB Jose Infante 0-0: Called Strike
0-1: Ball
1-1: Ball
2-1: Ball
3-1: Base on Balls
Alwin Creel to second
Batting: RHB Mike Isherwood 0-0: Swinging Strike
0-1: Ball
1-1: Ball
2-1: Swinging Strike
2-2: Ball
3-2: SINGLE (Groundball, 6D, EV 106.9 MPH)
Alwin Creel to third
Jose Infante to second
Runner from 3rd tries for Home, SAFE, throw by CF to home
Batting: SHB Gary Miller-Jones 0-0: Ball
1-0: Fly out, F9 (Flyball, 89S, EV 88.8 MPH)
Batting: RHB Michael Lanum 0-0: Foul Ball, location: 2F
0-1: DOUBLE (Line Drive, 78D, EV 105.0 MPH)
Jose Infante scores
Mike Isherwood to third
Runner from 3rd tries for Home, SAFE, no throw by LF
Batting: RHB Jesus Alcala 0-0: Ball
1-0: Swinging Strike
1-1: Ball
2-1: Ground out 3-1 (Groundball, 34, EV 101.9 MPH)
Top of the 2nd over - 3 runs, 2 hits, 0 errors, 1 left on base; Blacksburg 3 - Johnson City 0
BOTTOM OF THE 2ND
Johnson City Soilders batting - Pitching for Blacksburg Tribe : RHP Edgardo Maciel
Batting: RHB Eugene Steinbach 0-0: Ball
1-0: Called Strike
1-1: Ball
2-1: Foul Ball, location: 2F
2-2: Fly out, F6 (Line Drive, 6, EV 61.3 MPH)
Batting: RHB Willie Lopez 0-0: Foul Ball, location: 2F
0-1: Ground out 6-3 (Groundball, 6, EV 82.5 MPH)
Batting: RHB Phillip Arp 0-0: Called Strike
0-1: Ground out 4-3 (Groundball, 4, EV 101.9 MPH)
Bottom of the 2nd over - 0 runs, 0 hits, 0 errors, 0 left on base; Blacksburg 3 - Johnson City 0
TOP OF THE 3RD
Blacksburg Tribe batting - Pitching for Johnson City Soilders : RHP Brian Holman
Batting: LHB Butch Kirby 0-0: Called Strike
0-1: Foul Ball, location: 2F
0-2: Ball
1-2: Foul Ball, location: 2F
1-2: Strikes out swinging
Batting: LHB George Cecchetti 0-0: Foul Ball, location: 2F
0-1: Foul Ball, location: 2F
0-2: Ball
1-2: Foul Ball, location: 2F
1-2: Ball
2-2: Foul Ball, location: 2F
2-2: Ball
3-2: Base on Balls
Batting: RHB Alwin Creel 0-0: Ball
George Cecchetti is caught stealing 2nd base 2-4
1-0: Fly out, F7 (Flyball, 78S, EV 73.1 MPH)
Top of the 3rd over - 0 runs, 0 hits, 0 errors, 0 left on base; Blacksburg 3 - Johnson City 0
BOTTOM OF THE 3RD
Johnson City Soilders batting - Pitching for Blacksburg Tribe : RHP Edgardo Maciel
Batting: LHB Daniel Swindell 0-0: Called Strike
0-1: Foul Ball, location: 2F
0-2: Foul Ball, location: 2F
0-2: Foul Ball, location: 2F
0-2: Foul Ball, location: 2F
0-2: Fly out, F5 (Popup, 56, EV 57.5 MPH)
Pitching: LHP Steve Fincher
Batting: RHB Andres Mercado 0-0: Ball
1-0: Ball
2-0: Foul Ball, location: 2F
2-1: Foul Ball, location: 2F
2-2: Foul Ball, location: 2F
2-2: Fly out, F2 (Popup, 23F, EV 81.3 MPH)
Batting: SHB Victor Hernandez 0-0: Ball
1-0: Swinging Strike
1-1: Called Strike
1-2: Strikes out swinging
Bottom of the 3rd over - 0 runs, 0 hits, 0 errors, 0 left on base; Blacksburg 3 - Johnson City 0
TOP OF THE 4TH
Blacksburg Tribe batting - Pitching for Johnson City Soilders : RHP Brian Holman
Batting: RHB Omar Mora 0-0: Swinging Strike
0-1: SINGLE (Flyball, 7S, EV 86.9 MPH)
Batting: LHB Jose Infante 0-0: Ball
1-0: Fly out, F7 (Flyball, 78D, EV 91.3 MPH)
Batting: RHB Mike Isherwood 0-0: Called Strike
0-1: Ball
1-1: Called Strike
1-2: Ball
2-2: SINGLE (Groundball, 6MD, EV 103.1 MPH)
Omar Mora to second
Runner from 2nd tries for 3rd, SAFE, throw by CF made to third
Batting: SHB Gary Miller-Jones 0-0: Ball
1-0: Fly out, F9 (Flyball, 9D, EV 91.3 MPH)
Runner from 3rd tags up, SCORES, throw by RF
Batting: RHB Michael Lanum 0-0: Called Strike
0-1: Called Strike
0-2: Ball
1-2: Ball
2-2: Strikes out swinging
Top of the 4th over - 1 run, 2 hits, 0 errors, 1 left on base; Blacksburg 4 - Johnson City 0
BOTTOM OF THE 4TH
Johnson City Soilders batting - Pitching for Blacksburg Tribe : LHP Steve Fincher
Batting: RHB Victor Gonzalez 0-0: Called Strike
0-1: Foul Ball, location: 2F
0-2: Ground out 6-3 (Groundball, 6, EV 85.0 MPH)
Batting: RHB Thomas Mitchell 0-0: Ball
1-0: Called Strike
1-1: Foul Ball, location: 2F
1-2: Ball
2-2: Strikes out swinging
Batting: SHB Jeff Trout 0-0: Ball
1-0: Ball
2-0: Ball
3-0: Called Strike
3-1: Base on Balls
Batting: RHB Eugene Steinbach 0-0: Ball
1-0: Called Strike
1-1: SINGLE (Groundball, 56D, EV 98.1 MPH)
Jeff Trout to second
Batting: RHB Willie Lopez 0-0: Called Strike
0-1: Swinging Strike
0-2: Ball
1-2: Foul Ball, location: 2F
1-2: Foul Ball, location: 2F
1-2: Strikes out looking
Bottom of the 4th over - 0 runs, 1 hit, 0 errors, 2 left on base; Blacksburg 4 - Johnson City 0
TOP OF THE 5TH
Blacksburg Tribe batting - Pitching for Johnson City Soilders : RHP Brian Holman
Batting: RHB Jesus Alcala 0-0: Ball
1-0: Foul Ball, location: 2F
1-1: Ground out 6-3 (Groundball, 6, EV 98.8 MPH)
Batting: LHB Butch Kirby 0-0: SINGLE (Line Drive, 8LS, EV 97.5 MPH)
Batting: LHB George Cecchetti 0-0: Ball
Butch Kirby steals 2nd base
1-0: Foul Ball, location: 2F
1-1: Fly out, F9 (Flyball, 9LS, EV 91.3 MPH)
Batting: RHB Alwin Creel 0-0: Ball
1-0: Ground out 5-3 (Groundball, 56, EV 90.0 MPH)
Top of the 5th over - 0 runs, 1 hit, 0 errors, 1 left on base; Blacksburg 4 - Johnson City 0
BOTTOM OF THE 5TH
Johnson City Soilders batting - Pitching for Blacksburg Tribe : LHP Steve Fincher
Batting: RHB Phillip Arp 0-0: Swinging Strike
0-1: Ball
1-1: SOLO HOME RUN (Flyball, 78XD, EV 96.3 MPH), Distance : 451 ft
Batting: LHB Daniel Swindell 0-0: Ball
1-0: Foul Ball, location: 2F
1-1: Called Strike
1-2: Ball
2-2: Strikes out swinging
Batting: RHB Andres Mercado 0-0: Foul Ball, location: 2F
0-1: Ball
1-1: Ball
2-1: Ball
3-1: Swinging Strike
3-2: Foul Ball, location: 2F
3-2: Fly out, F7 (Flyball, 7, EV 71.3 MPH)
Batting: SHB Victor Hernandez 0-0: Ball
1-0: Fly out, F8 (Flyball, 8LS, EV 75.6 MPH)
Bottom of the 5th over - 1 run, 1 hit, 0 errors, 0 left on base; Blacksburg 4 - Johnson City 1
TOP OF THE 6TH
Blacksburg Tribe batting - Pitching for Johnson City Soilders : RHP Brian Holman
Batting: RHB Omar Mora 0-0: Called Strike
0-1: Foul Ball, location: 2F
0-2: Ball
1-2: Ball
2-2: Ball
3-2: Strikes out swinging
Batting: LHB Jose Infante 0-0: Ball
1-0: Ball
2-0: Single, Error in OF, E7, batter to second base (Line Drive, 78M, EV 107.5 MPH)
Batting: RHB Mike Isherwood 0-0: Called Strike
0-1: Ball
1-1: Foul Ball, location: 2F
1-2: Strikes out looking
Batting: SHB Gary Miller-Jones 0-0: Ground out U3 (Groundball, 34, EV 86.3 MPH)
Top of the 6th over - 0 runs, 1 hit, 1 error, 1 left on base; Blacksburg 4 - Johnson City 1
BOTTOM OF THE 6TH
Johnson City Soilders batting - Pitching for Blacksburg Tribe : LHP Steve Fincher
Batting: RHB Victor Gonzalez 0-0: Called Strike
0-1: Ball
1-1: Ball
2-1: Ball
3-1: Fly out, F8 (Flyball, 8LS, EV 83.8 MPH)
Batting: RHB Thomas Mitchell 0-0: Called Strike
0-1: Ball
1-1: SOLO HOME RUN (Flyball, 7LD, EV 96.3 MPH), Distance : 355 ft
Batting: SHB Jeff Trout 0-0: Called Strike
0-1: Ground out 4-3 (Groundball, 4, EV 81.9 MPH)
Batting: RHB Eugene Steinbach 0-0: Foul Ball, location: 2F
0-1: Foul Ball, location: 2F
0-2: Ball
1-2: Foul Ball, location: 2F
1-2: Ball
2-2: Ball
3-2: Strikes out swinging
Bottom of the 6th over - 1 run, 1 hit, 0 errors, 0 left on base; Blacksburg 4 - Johnson City 2
TOP OF THE 7TH
Blacksburg Tribe batting - Pitching for Johnson City Soilders : RHP Brian Holman
Batting: RHB Michael Lanum 0-0: Swinging Strike
0-1: Ball
1-1: Fly out, F5 (Popup, 56, EV 59.4 MPH)
Batting: RHB Jesus Alcala 0-0: Called Strike
0-1: Ball
1-1: Ball
2-1: Ground out 5-3 (Groundball, 5S, EV 90.0 MPH)
Batting: LHB Butch Kirby 0-0: Called Strike
0-1: Ball
1-1: Called Strike
1-2: Ball
2-2: Ball
3-2: Foul Ball, location: 2F
3-2: Ground out 4-3 (Groundball, 4, EV 104.4 MPH)
Top of the 7th over - 0 runs, 0 hits, 0 errors, 0 left on base; Blacksburg 4 - Johnson City 2
BOTTOM OF THE 7TH
Johnson City Soilders batting - Pitching for Blacksburg Tribe : LHP Steve Fincher
Batting: RHB Willie Lopez 0-0: SINGLE (Groundball, 6MD, EV 98.8 MPH)
Pitching: RHP David Mitchell
Batting: RHB Phillip Arp 0-0: Called Strike
0-1: 2-RUN HOME RUN (Flyball, 89XD, EV 94.4 MPH), Distance : 420 ft
Batting: LHB Daniel Swindell 0-0: Ball
1-0: SINGLE (Groundball, 3D, EV 96.9 MPH)
Batting: RHB Andres Mercado 0-0: Ball
1-0: Fly out, F8 (Flyball, 8LM, EV 92.5 MPH)
Batting: SHB Victor Hernandez 0-0: Ball
1-0: Foul Ball, location: 2F
1-1: DOUBLE (Line Drive, 9LM, EV 108.8 MPH)
Daniel Swindell to third
Batting: RHB Victor Gonzalez 0-0: Ball
1-0: Foul Ball, location: 2F
1-1: Ball
2-1: Ball
3-1: SINGLE (Groundball, 56, EV 95.0 MPH)
Daniel Swindell scores
Victor Hernandez to third
Batting: RHB Thomas Mitchell 0-0: Ball
1-0: Called Strike
1-1: Called Strike
1-2: Foul Ball, location: 2F
1-2: Fielders Choice at 2nd, 4-6 (Groundball, 34, EV 83.1 MPH)
Victor Hernandez scores
Batting: SHB Jeff Trout 0-0: Ball
1-0: Ball
2-0: 2-RUN HOME RUN (Flyball, 9D, EV 103.1 MPH), Distance : 361 ft
Pitching: RHP Jesse Vasquez
Batting: RHB Eugene Steinbach 0-0: Swinging Strike
0-1: Ball
1-1: Ball
2-1: Ball
3-1: Called Strike
3-2: Foul Ball, location: 2F
3-2: Foul Ball, location: 2F
3-2: Foul Ball, location: 2F
3-2: Ground out 6-3 (Groundball, 4MS, EV 65.0 MPH)
Bottom of the 7th over - 6 runs, 6 hits, 0 errors, 0 left on base; Blacksburg 4 - Johnson City 8
TOP OF THE 8TH
Blacksburg Tribe batting - Pitching for Johnson City Soilders : RHP Brian Holman
Batting: LHB George Cecchetti 0-0: DOUBLE (Line Drive, 9LM, EV 106.9 MPH)
Batting: RHB Alwin Creel 0-0: Called Strike
0-1: Ball
Wild Pitch!
George Cecchetti to third
1-1: Swinging Strike
1-2: Strikes out swinging
Batting: RHB Omar Mora 0-0: Called Strike
0-1: SINGLE (Flyball, 89S, EV 91.9 MPH)
George Cecchetti scores
Pitching: RHP Charlie Mitchell
Batting: LHB Jose Infante 0-0: Fielders Choice at 2nd, 5-4 (Groundball, 56, EV 80.6 MPH)
Batting: RHB Mike Isherwood 0-0: Called Strike
0-1: Fly out, F9 (Flyball, 9S, EV 71.9 MPH)
Top of the 8th over - 1 run, 2 hits, 0 errors, 1 left on base; Blacksburg 5 - Johnson City 8
BOTTOM OF THE 8TH
Johnson City Soilders batting - Pitching for Blacksburg Tribe : RHP Jesse Vasquez
Batting: RHB Willie Lopez 0-0: Called Strike
0-1: Swinging Strike
0-2: Foul Ball, location: 2F
0-2: Ball
1-2: Fly out, F8 (Flyball, 8LD, EV 95.6 MPH)
Batting: RHB Phillip Arp 0-0: Ball
1-0: Ball
2-0: Ball
3-0: Foul Ball, location: 2F
3-1: Base on Balls
Batting: LHB Daniel Swindell 0-0: Ball
1-0: Ball
2-0: Called Strike
2-1: Grounds into double play, 4-6-3 (Groundball, 4, EV 83.8 MPH)
Bottom of the 8th over - 0 runs, 0 hits, 0 errors, 0 left on base; Blacksburg 5 - Johnson City 8
TOP OF THE 9TH
Blacksburg Tribe batting - Pitching for Johnson City Soilders : RHP Charlie Mitchell
Batting: SHB Gary Miller-Jones 0-0: Foul Ball, location: 2F
0-1: Fly out, F7 (Flyball, 7LS, EV 87.5 MPH)
Batting: RHB Michael Lanum 0-0: Ball
1-0: Ball
2-0: Ball
3-0: Called Strike
3-1: Foul Ball, location: 2F
3-2: Foul Ball, location: 2F
3-2: Fly out, F6 (Popup, 4MS, EV 83.1 MPH)
Batting: RHB Jesus Alcala 0-0: Ball
1-0: Ball
2-0: SINGLE (Groundball, 5D, EV 94.4 MPH)
Batting: LHB Butch Kirby 0-0: Swinging Strike
0-1: Ball
1-1: Ground out 1-3 (Groundball, 13S, EV 66.9 MPH)
Top of the 9th over - 0 runs, 1 hit, 0 errors, 1 left on base; Blacksburg 5 - Johnson City 8
Thursday, August 20th, 2020 - OOTP Baseball 21.5 Build 76